 Dungeon Sprint DCSS version 0.29-a0-1027-gcd8c55af63 (webtiles) character file.

Game seed: 7813306597489868633

1889 mhtbhm the Unseen (level 8, -8/42 HPs)
             Began as a Spriggan Brigand on Aug 12, 2022.
             Was a Believer of Dithmenos.
             Mangled by a centaur warrior (12 damage)
             ... in the Dungeon (Sprint III: "The Ten Rune Challenge").
             The game lasted 00:03:29 (1764 turns).

mhtbhm the Unseen (Spriggan Brigand)                Turns: 1764, Time: 00:03:29

Health: -8/42      AC:  5    Str:  7    XL:     8   Next: 92%
Magic:  14/14      EV: 20    Int: 13    God:    Dithmenos [**....]
Gold:   45         SH:  0    Dex: 18    Spells: 7/7 levels left

rFire   + . .      SeeInvis +   a - +2 dagger
rCold   . . .      Faith    .   (no shield)
rNeg    . . .      Spirit   .   b - +2 robe {rF+}
rPois   .          Reflect  .   (helmet restricted)
rElec   .          Harm     .   c - +0 cloak
rCorr   .          Rampage  .   (gloves unavailable)
Will    +....      NoTele   +   (boots unavailable)
Stlth   ++++++++++              (no amulet)
HPRegen 0.14/turn               (no ring)
MPRegen 0.14/turn               (no ring)

@: flying, wreathed by umbra, very quick
A: very small, no large weapons, unfitting armour, see invisible, speed 3,
mutation resistance 1
a: Renounce Religion, Shadow Step


You were in the Dungeon.
You worshipped Dithmenos.
Dithmenos was pleased with you.
You visited 1 branch You collected 45 gold pieces.

Inventory:

Hand Weapons
 a - a +2 dagger (weapon)
Missiles
 d - 4 poisoned darts (quivered)
Armour
 b - a +2 robe of fire resistance (worn)
 c - a +0 cloak (worn)
Scrolls
 k - 2 scrolls of blinking
 n - a scroll of immolation {unknown}
 o - a scroll of poison {unknown}
 p - 2 scrolls of identify
Potions
 h - a potion of haste
 i - 2 potions of magic
 l - a potion of flight
 m - a potion of mutation
 q - 2 potions of degeneration {unknown}
Miscellaneous
 e - a phantom mirror


   Skills:
 + Level 4.7 Fighting
 + Level 7.5 Short Blades
 + Level 10.2 Throwing
 + Level 5.8 Dodging
 + Level 19.8 Stealth
 * Level 7.1 Invocations
 + Level 0.5 Evocations


You had 7 spell levels left.
You didn't know any spells.
Your spell library contained the following spells:

 Spells                   Type           Power      Damage    Failure   Level
 Apportation              Tloc           0%         N/A       30%         1
 Necrotise                Necr           0%         1d4       30%         1
 Summon Small Mammal      Summ           0%         N/A       30%         1


Dungeon Overview and Level Annotations

Branches:
Dungeon (1/1)

Altars:
Cheibriados
Dithmenos
Elyvilon
Fedhas
Gozag
Hepliaklqana
Kikubaaqudgha
Makhleb
Nemelex Xobeh
Okawaru
Qazlal
Ru
Sif Muna
Trog
Uskayaw
Vehumet
Wu Jian
Xom
Yredelemnul
Zin
The Shining One
Jiyva
Lugonu


Innate Abilities, Weirdness & Mutations

You are very small and have problems with some larger weapons.
You are too small for most types of armour.
You have supernaturally acute eyesight. (SInv)
You cover ground extremely quickly. (Speed+++)
You are somewhat resistant to further mutation.


Message History

There is an open door here.
The helpless centaur fails to defend itself.
You perforate the centaur like a sieve!!!!!
You kill the centaur!
Dithmenos accepts your kill.
The centaur warrior shouts!
The centaur shouts!
The centaur warrior wields a +0 longbow.
The centaur warrior shoots an arrow.
The arrow hits you!!
The centaur wields a +0 shortbow.
The centaur shoots an arrow.
The arrow hits you.
Your Invocations skill increases to level 7!
Unknown command.
You feel much better.
The centaur warrior shoots an arrow.
The arrow hits you!
Unknown command.
Okay, then.
Throw: 6 darts (poison)
Press: ? - help, Q - select action, (/) - cycle Shift-Dir - straight line, f - centaur warrior
Aim: a centaur warrior, wielding a +0 longbow (umbra, 74% to hit)
You throw a poisoned dart.
The poisoned dart hits the centaur warrior!
The centaur warrior is poisoned.
The centaur unwields a +0 shortbow.
The centaur completely misses you. The centaur kicks you.
The centaur warrior unwields a +0 longbow.
The centaur warrior hits you! The centaur warrior kicks you.
Throw: 5 darts (poison)
Press: ? - help, Q - select action, (/) - cycle Shift-Dir - straight line, f - centaur, p - centaur warrior
Aim: a centaur (umbra, 77% to hit)
You throw a poisoned dart.
The poisoned dart barely misses the centaur.
The centaur closely misses you. x2; The centaur warrior hits you!
* * * LOW HITPOINT WARNING * * *
The centaur warrior kicks you.
* * * LOW HITPOINT WARNING * * *
Unknown command.
It was a potion of flight.
You feel very buoyant.
You fly up into the air.
The centaur misses you. The centaur barely misses you.
The centaur warrior hits you!
You die...

__#__# _)#._# ###'##
.....# .....# ####'#
_#...#+#############
_#...#..~§§'.#.'...+
_#...#.#§§§#§#.#@..#
_#...'.#§§.#.#.#cc.#
_+...#.#§§.#...#(..#
▓▓▓▓▓▓▓▓▓▓▓▓▓▓▓▓▓▓▓#


You could see a centaur warrior (very poisoned) and a centaur.

Vanquished Creatures
  A deep elf pyromancer (D)
  A shadow (D)
  A centaur (D)
  An earth elemental (D)
  A necrophage (D)
  A water elemental (D)
  A jelly (D)
  A wizard (D)
  A necromancer (D)
  3 humans (D)
  A kobold demonologist (D)
  A wolf (D)
  2 endoplasms (D)
  2 rats (D)
18 creatures vanquished.

Vanquished Creatures (collateral kills)
  Erica (D)
1 creature vanquished.

Vanquished Creatures (others)
  2 plants (D)
2 creatures vanquished.

Grand Total: 21 creatures vanquished

Notes
Turn   | Place    | Note
-------+----------+-------------------------------------------
     0 | D        | mhtbhm the Spriggan Brigand began the quest for the Orb.
     0 | D        | Reached XP level 1. HP: 10/10 MP: 2/2
     5 | D        | Reached skill level 6 in Stealth
     9 | D        | Reached skill level 7 in Stealth
   202 | D        | Reached skill level 9 in Stealth
   202 | D        | Reached XP level 2. HP: 5/15 MP: 3/3
   447 | D        | Reached XP level 3. HP: 14/18 MP: 4/4
   474 | D        | Gained mutation: You are frail. (-10% HP) [potion of
                  | mutation]
   474 | D        | Gained mutation: You are strong-willed. (Will+) [potion of
                  | mutation]
   475 | D        | Lost mutation: You are strong-willed. (Will+) [potion of
                  | mutation]
   475 | D        | Lost mutation: You are frail. (-10% HP) [potion of
                  | mutation]
   475 | D        | Gained mutation: You occasionally lose the ability to drink
                  | potions when taking damage. [potion of mutation]
   475 | D        | Gained mutation: You have a pair of small antennae on your
                  | head. [potion of mutation]
   476 | D        | Lost mutation: You have a pair of small antennae on your
                  | head. [potion of mutation]
   476 | D        | Lost mutation: You occasionally lose the ability to drink
                  | potions when taking damage. [potion of mutation]
   476 | D        | Gained mutation: You are somewhat resistant to further
                  | mutation. [potion of mutation]
   508 | D        | Noticed a water elemental
   511 | D        | Killed a water elemental
   512 | D        | Reached skill level 12 in Stealth
   512 | D        | Reached XP level 4. HP: 23/23 MP: 5/5
   522 | D        | Found a shadowy altar of Dithmenos.
   522 | D        | Noticed a necrophage
   523 | D        | Found a basalt altar of Yredelemnul.
   523 | D        | Found a sacrificial altar of Ru.
   525 | D        | Killed a necrophage
   526 | D        | Reached skill level 5 in Throwing
   526 | D        | Reached skill level 13 in Stealth
   526 | D        | Reached XP level 5. HP: 28/28 MP: 6/6
   529 | D        | Became a worshipper of Dithmenos the Shadowed
   548 | D        | Found a radiant altar of Vehumet.
   549 | D        | Found a shimmering blue altar of Sif Muna.
   549 | D        | Found an ancient bone altar of Kikubaaqudgha.
   551 | D        | Reached skill level 14 in Stealth
   622 | D        | Found a glowing silver altar of Zin.
   623 | D        | Found a glowing golden altar of the Shining One.
   623 | D        | Found a white marble altar of Elyvilon.
   623 | D        | Noticed a deep elf pyromancer
   640 | D        | Killed a deep elf pyromancer
   640 | D        | Reached * piety under Dithmenos
   641 | D        | Reached skill level 5 in Short Blades
   641 | D        | Reached skill level 17 in Stealth
   641 | D        | Reached XP level 6. HP: 17/33 MP: 6/10
   641 | D        | Reached XP level 7. HP: 20/37 MP: 6/11
   835 | D        | Found a hide-covered altar of Uskayaw.
   835 | D        | Found an iron altar of Okawaru.
   836 | D        | Found a bloodstained altar of Trog.
   836 | D        | Found an ornate altar of the Wu Jian Council.
   836 | D        | Noticed a human
   836 | D        | Noticed a human
   891 | D        | Killed a human
   892 | D        | Reached skill level 18 in Stealth
   892 | D        | Reached skill level 5 in Invocations
  1146 | D        | Killed a human
  1263 | D        | Noticed a shadow
  1265 | D        | Killed a shadow
  1266 | D        | Reached XP level 8. HP: 42/42 MP: 13/13
  1289 | D        | Reached ** piety under Dithmenos
  1387 | D        | Found a blossoming altar of Fedhas.
  1387 | D        | Found a stormy altar of Qazlal.
  1388 | D        | Found a snail-covered altar of Cheibriados.
  1388 | D        | Found a burning altar of Makhleb.
  1388 | D        | Found a hazy altar of Hepliaklqana.
  1388 | D        | Found a shimmering altar of Xom.
  1388 | D        | Found an opulent altar of Gozag.
  1388 | D        | Found a sparkling altar of Nemelex Xobeh.
  1388 | D        | Found a corrupted altar of Lugonu.
  1388 | D        | Found a viscous altar of Jiyva.
  1592 | D        | Noticed Erica
  1602 | D        | Killed Erica
  1603 | D        | Reached skill level 10 in Throwing
  1603 | D        | Reached skill level 5 in Dodging
  1603 | D        | Reached skill level 19 in Stealth
  1758 | D        | Noticed a centaur warrior
  1764 | D        | Mangled by a centaur warrior

Illustrated notes

Levels and vault maps discovered:
D:        dungeon_sprint_mu [sprint_mu_entry_forest, sprint_mu_temple_rooms,
          sprint_mu_d1_horrors, sprint_mu_d2_genie, sprint_mu_d3_branching,
          sprint_mu_orc_legion, sprint_mu_elf_gauntlet, sprint_mu_hive_nellie,
          sprint_mu_lair_fedhas, sprint_mu_vaults_butterflies,
          sprint_mu_slime_circle, sprint_mu_swamp_cave, sprint_mu_snake_twists,
          sprint_mu_blade_basic, sprint_mu_crypt_fortress,
          sprint_mu_tomb_spiral, sprint_mu_vestibule_basic,
          sprint_mu_gehenna_hellfire, sprint_mu_dis_giant,
          sprint_mu_tartarus_statrot, sprint_mu_cocytus_islands, sprint_mu_zot1]

Skill      XL: |  1  2  3  4  5  6  7  8 |
---------------+-------------------------+-----
Stealth        | 9 12 13 17 18 19 | 19.8
Throwing       | 3 4 5 8 9 10 | 10.2
Fighting       | 2 3 4 |  4.7
Short Blades   | 3 4 5 6 7 |  7.5
Dodging        | 2 3 4 5 |  5.8
Invocations    | 4 5 7 |  7.1
Evocations     | |  0.5

Action                   |  1- 3 |  4- 6 |  7- 9 || total
-------------------------+-------+-------+-------++-------
Melee: Dagger            |    13 |    18 |    58 ||    89
       Punch             |       |       |     1 ||     1
Throw: Dart              |    18 |     6 |    10 ||    34
Evoke: Phantom mirror    |       |       |     1 ||     1
  Use: Potion            |     3 |     1 |     4 ||     8
 Stab: Sleeping          |     4 |     3 |     3 ||    10
Armor: Robe              |     1 |     1 |     1 ||     3
Dodge: Dodged            |     4 |     6 |    30 ||    40

Table legend: (Time is in decaauts)
 A = Elapsed time spent in this place.
 B = Non-inter-level travel time spent in this place.
 C = Inter-level travel time spent in this place.
 D = Time resting spent in this place.
 E = Time spent auto-exploring this place.
 F = Levels seen in this place.
 G = Mean time per level.
                   A        B        C        D        E       F      G
               +--------+--------+--------+--------+--------+-----+--------+
         Total |   1608 |   1608 |      0 |   1226 |     12 |   1 | 1608.0 |
       Dungeon |   1608 |   1608 |      0 |   1226 |     12 |   1 | 1608.0 |
               +--------+--------+--------+--------+--------+-----+--------+

Top non-repeatable levels by time:
       D: 1608 daAuts
